 Dungeon Crawl Stone Soup version 0.20-a0-1008-g0de3dc5 (webtiles) character file.

59478 Monsterracer the Severer (level 14, 0/127 HPs)
             Began as a Minotaur Berserker on Apr 14, 2017.
             Was the Champion of Trog.
             Slain by a nine-headed hydra (11 damage)
             ... on level 6 of the Lair of Beasts.
             The game lasted 00:29:32 (17875 turns).

Monsterracer the Severer (Minotaur Berserker)      Turns: 17875, Time: 00:29:33

Health: 0/127      AC: 17    Str: 25    XL:     14   Next: 53%
Magic:  13/13      EV: 17    Int:  8    God:    Trog [******]
Gold:   836        SH:  0    Dex: 16    Spells: 13/13 levels left

rFire    . . .     SeeInvis .   D - +4 battleaxe (chop)
rCold    . . .     Gourm    .   (shield currently unavailable)
rNeg     + . .     Faith    +   n - +2 scale mail "Tietz" {rPois rN+ Int+4 Dex+4}
rPois    +         Spirit   .   C - +2 hat
rElec    .         Reflect  .   k - +2 cloak {MR+}
rCorr    .         Harm     .   g - +1 pair of gloves
MR       +++++                  q - +0 pair of boots
Stlth    +.........             o - amulet of faith
Regen    1.4/turn               p - ring of protection from magic
MPRegen  0.2/turn               (no ring)

@: corroded, regenerating
A: retaliatory headbutt, horns 2
a: Berserk, Trog's Hand, Brothers in Arms, Burn Spellbooks, Renounce Religion


You were on level 6 of the Lair of Beasts.
You worshipped Trog.
Trog was exalted by your worship.
You were hungry.

You visited 2 branches of the dungeon, and saw 17 of its levels.

You collected 1169 gold pieces.
You spent 333 gold pieces at shops.

Inventory:

Hand Weapons
 u - a +6 antimagic battleaxe
 D - a +4 battleaxe of chopping (weapon)
 J - the +8 morningstar "Grim Tooth" {freeze, rElec rPois rN+ Str-3}
   (You found it on level 6 of the Lair of Beasts)

   It has been specially enchanted to freeze those struck by it, causing extra
   injury to most foes and up to half again as much damage against particularly
   susceptible opponents.
   It can also slow down cold-blooded creatures.
   It affects your strength (-3).
   It insulates you from electricity.
   It protects you from poison.
   It protects you from negative energy.
Armour
 g - a +1 pair of gloves (worn)
 k - a +2 cloak of magic resistance (worn)
 n - the +2 scale mail "Tietz" (worn) {rPois rN+ Int+4 Dex+4}
   (You bought it in a shop on level 10 of the Dungeon)

   It affects your intelligence (+4).
   It affects your dexterity (+4).
   It protects you from poison.
   It protects you from negative energy.
 q - a +0 pair of boots (worn)
 C - a +2 hat (worn)
Jewellery
 a - an uncursed ring of ice
 l - an uncursed ring of teleportation
 o - an amulet of faith (around neck)
 p - a ring of protection from magic (left hand)
 x - an uncursed ring of fire
 y - an uncursed ring of ice
 B - an uncursed ring of positive energy
Wands
 z - a wand of clouds (6/9)
 A - a wand of confusion (22/48)
 F - a wand of digging (9/24)
 H - a wand of acid (7/15)
Scrolls
 b - 8 scrolls of teleportation
 e - 12 scrolls of identify
 h - 3 scrolls of enchant armour
 i - 8 scrolls of remove curse
 r - 2 scrolls of fear
 s - 2 scrolls of blinking
 G - a scroll of fog
Potions
 j - 4 potions of heal wounds
 m - 6 potions of haste
 t - a potion of flight
 v - 5 potions of might
 E - 3 potions of curing
Comestibles
 c - 11 bread rations
 d - 19 royal jellies
 f - 14 fruits
 w - 8 meat rations
 I - 6 chunks of flesh


   Skills:
 + Level 12.8 Fighting
 * Level 20.5 Axes
 + Level 13.0 Armour
 + Level 10.2 Dodging
 - Level 1.5 Stealth
   Level 2.1 Shields


You had 13 spell levels left.
You didn't know any spells.

Dungeon Overview and Level Annotations

Branches:
Dungeon (11/15)            Temple (0/1) D:7            Lair (6/6) D:11
  Swamp (0/4) Lair:4        Snake (0/4) Lair:3        Slime (0/5) Lair:6
    Orc (0/2) D:11

Altars:
Dithmenos
Fedhas
Hepliaklqana
Kikubaaqudgha
Makhleb
Trog
Wu Jian
Xom

Shops:
D:4 %   D:5 (   D:10 }[


Innate Abilities, Weirdness & Mutations

You reflexively headbutt those who attack you in melee.
You have a pair of horns on your head.


Message History

The nine-headed hydra bites you!
* * * LOW HITPOINT WARNING * * *
The nine-headed hydra bites you but does no damage.
The nine-headed hydra barely misses you.
The nine-headed hydra bites you but does no damage. x2
The nine-headed hydra misses you.
The nine-headed hydra barely misses you.
The nine-headed hydra misses you.
Your skin crawls.
You feel resistant to hostile enchantments.
You feel somewhat more hungry.
You are splashed with acid!
The wall burns you!
* * * LOW HITPOINT WARNING * * *
The wall burns the nine-headed hydra!
The nine-headed hydra bites you but does no damage.
The nine-headed hydra misses you.
The nine-headed hydra bites you but does no damage.
The nine-headed hydra bites you!
* * * LOW HITPOINT WARNING * * *
The nine-headed hydra bites you!
You die...

.............
##.....#.#..... ####
#.............. .#.#
#.............
#.##########..#.......#..
..##.#.#..#.......>....[.
..............#.......#..
.†...............T.......
###.............@D.......
# ##.............#.#.....
##.....................
≈##..P..................
≈≈##...P..#.......##.#...
≈# #.†P.###.####### .# ..
# #†..## ### # . #....# #
#....#


You could see a nine-headed hydra and a friendly iron troll (berserk).

Vanquished Creatures
  Gastronok (Lair:2)
  A fire dragon (Lair:6)
  Josephine (Lair:4)
  Fannar (D:11)
  2 hydras
  Erica (Lair:2)
  2 two-headed ogres
  Urug (D:10)
  2 fire crabs
  An unseen horror (D:11)
  An ugly thing (D:11)
  A salamander (Lair:5)
  7 black mambas
  5 elephants (Lair:5)
  A centaur zombie (D:8)
  Joseph (D:9)
  2 molten gargoyles (Lair:6)
  2 gargoyles (D:11)
  8 spiny frogs
  11 komodo dragons
  4 rime drakes
  A troll (D:11)
  A polar bear (Lair:3)
  A queen bee (D:7)
  5 dream sheep (Lair:3)
  A slime creature (D:11)
  A hornet (D:8)
  5 blink frogs (Lair:5)
  16 hippogriffs
  A spriggan (Lair:3)
  5 wraiths
  64 yaks
  5 wyverns
  5 basilisks
  A fire elemental (Lair:5)
  Grum (D:11)
  A hungry ghost (D:8)
  2 steam dragons (Lair:6)
  Edmund (D:4)
  4 swamp worms (Lair:4)
  A soldier ant (D:11)
  The ghost of Monsterracer the Firebug, an amateur DEFE (D:4)
  4 hell hounds (Lair:6)
  10 porcupines
  23 water moccasins
  2 orc warriors (D:11)
  2 black bears
  2 phantoms
  3 ice beasts
  An eye of draining (D:11)
  2 sky beasts
  The ghost of McCoppin the Magician, an amateur BuWn (D:3)
  5 ogres
  6 wolves
  7 centaurs
  8 crocodiles
  3 big kobolds
  Blork the orc (D:6)
  20 bullfrogs
  4 scorpions
  5 wights (D:11)
  19 killer bees
  5 howler monkeys
  2 electric eels
  5 lava snakes (Lair:6)
  A bullfrog zombie (D:11)
  7 crimson imps
  6 hounds
  5 jellies
  A gnoll shaman (D:8)
  Crazy Yiuf (D:3)
  3 orc priests
  A centaur skeleton (D:11)
  12 iguanas
  10 orc wizards
  3 bullfrog skeletons
  12 worker ants
  A hound zombie (D:9)
  A hound skeleton (D:11)
  A worker ant zombie (D:6)
  Robin (D:3)
  7 gnolls (D:7)
  16 adders
  3 shadow imps
  2 oozes (Lair:6)
  A worm (D:2)
  A dart slug (D:3)
  6 leopard geckos
  38 orcs
  7 ball pythons
  4 giant cockroaches
  15 goblins
  11 hobgoblins
  8 jackals
  16 kobolds
  6 quokkas
  9 bats
  3 frilled lizards
  2 quokka zombies
  8 rats
  4 fungi
  6 plants
558 creatures vanquished.

Vanquished Creatures (collateral kills)
  A hydra (Lair:6)
1 creature vanquished.

Vanquished Creatures (others)
  2 fungi
  2 plants (Lair:4)
4 creatures vanquished.

Grand Total: 563 creatures vanquished

Notes
Turn   | Place    | Note
-------+----------+-------------------------------------------
     0 | D:1      | Monsterracer the Minotaur Berserker began the quest for the Orb.
     0 | D:1      | Reached XP level 1. HP: 19/19 MP: 0/0
   172 | D:1      | Reached XP level 2. HP: 19/27 MP: 1/1
   308 | D:1      | Reached skill level 4 in Axes
   835 | D:2      | Reached XP level 3. HP: 32/33 MP: 2/2
   841 | D:2      | Reached ** piety under Trog
  1273 | D:3      | Reached XP level 4. HP: 30/41 MP: 3/3
  1331 | D:3      | Reached skill level 5 in Axes
  1630 | D:3      | Found a shadowy altar of Dithmenos.
  1630 | D:3      | Found a hazy altar of Hepliaklqana.
  1632 | D:3      | Found an ornate altar of the Wu Jian Council.
  1718 | D:3      | Noticed Robin
  1731 | D:3      | Killed Robin
  1864 | D:3      | Reached XP level 5. HP: 29/47 MP: 4/4
  2044 | D:3      | Noticed McCoppin's ghost (amateur BuWn)
  2053 | D:3      | Killed McCoppin's ghost
  2053 | D:3      | Reached skill level 5 in Fighting
  2053 | D:3      | Reached skill level 6 in Axes
  2053 | D:3      | Reached skill level 1 in Stealth
  2223 | D:3      | Found a runed door.
  2345 | D:3      | Reached *** piety under Trog
  2563 | D:3      | Noticed Crazy Yiuf
  2566 | D:3      | Killed Crazy Yiuf
  2566 | D:3      | Reached XP level 6. HP: 56/56 MP: 5/5
  2854 | D:4      | Noticed Monsterracer's ghost (amateur DEFE)
  2866 | D:4      | Killed Monsterracer's ghost
  2866 | D:4      | Reached skill level 7 in Axes
  3004 | D:4      | Found a burning altar of Makhleb.
  3059 | D:4      | Found Waegoblo's Food Shoppe.
  3201 | D:4      | Reached XP level 7. HP: 59/61 MP: 6/6
  3265 | D:4      | Noticed Edmund
  3281 | D:4      | Killed Edmund
  3660 | D:5      | Entered Level 5 of the Dungeon
  3675 | D:5      | Reached skill level 8 in Axes
  3887 | D:5      | Reached skill level 9 in Axes
  4024 | D:5      | Reached XP level 8. HP: 58/70 MP: 7/7
  4104 | D:5      | Found Tiobyas's Weapon Shop.
  4239 | D:5      | Found an ornate altar of the Wu Jian Council.
  4262 | D:5      | Found an ancient bone altar of Kikubaaqudgha.
  4270 | D:5      | Found a bloodstained altar of Trog.
  4447 | D:6      | Reached **** piety under Trog
  4481 | D:6      | Reached skill level 10 in Axes
  5308 | D:6      | Noticed Blork the orc
  5314 | D:6      | Killed Blork the orc
  5314 | D:6      | Reached skill level 11 in Axes
  5890 | D:7      | Found a staircase to the Ecumenical Temple.
  5942 | D:7      | Reached XP level 9. HP: 59/78 MP: 8/8
  6145 | D:7      | Reached skill level 5 in Armour
  6261 | D:7      | Reached skill level 12 in Axes
  6682 | D:7      | Reached skill level 13 in Axes
  6723 | D:7      | Reached ***** piety under Trog
  7037 | D:8      | Noticed a queen bee
  7523 | D:7      | Killed a queen bee
  7523 | D:7      | Reached XP level 10. HP: 31/88 MP: 9/9
  7881 | D:8      | Reached skill level 14 in Axes
  8262 | D:8      | Reached skill level 1 in Shields
  8345 | D:8      | Received a gift from Trog
  8541 | D:8      | Found a shimmering altar of Xom.
  8666 | D:8      | Reached skill level 16 in Axes
  8666 | D:8      | Reached XP level 11. HP: 97/97 MP: 3/10
  8770 | D:8      | Noticed a two-headed ogre
  8777 | D:8      | Killed a two-headed ogre
  8777 | D:8      | Reached skill level 17 in Axes
  8777 | D:8      | Reached skill level 5 in Dodging
  9071 | D:9      | Noticed Joseph
  9085 | D:9      | Killed Joseph
  9323 | D:9      | Noticed a two-headed ogre
  9330 | D:9      | Killed a two-headed ogre
  9360 | D:9      | Found a shimmering altar of Xom.
  9648 | D:10     | Entered Level 10 of the Dungeon
  9651 | D:10     | Noticed Urug
  9670 | D:10     | Killed Urug
  9670 | D:10     | Reached XP level 12. HP: 61/106 MP: 3/11
  9794 | D:10     | Found Emohiaff's Gadget Shoppe.
  9914 | D:10     | Found Perch's Antique Armour Emporium.
  9931 | D:10     | Bought a fine scale mail for 333 gold pieces
  9951 | D:10     | Identified the +2 scale mail "Tietz" {rPois rN+ Int+4 Dex+4} (You bought it in a shop on level 10 of the Dungeon)
 10128 | D:11     | Noticed Fannar
 10148 | D:11     | Killed Fannar
 10148 | D:11     | Reached skill level 10 in Fighting
 10483 | D:11     | Reached ****** piety under Trog
 10574 | D:11     | Received a gift from Trog
 10724 | D:11     | Found a staircase to the Lair.
 11034 | D:11     | Reached skill level 18 in Axes
 11282 | D:11     | Found a staircase to the Orcish Mines.
 11328 | D:11     | Noticed Grum
 11334 | D:11     | Killed Grum
 11457 | D:11     | Reached skill level 10 in Armour
 11531 | Lair:1   | Entered Level 1 of the Lair of Beasts
 11644 | Lair:1   | Noticed a five-headed hydra
 11648 | Lair:1   | Killed a seven-headed hydra
 12334 | Lair:1   | Received a gift from Trog
 12669 | Lair:2   | Noticed Gastronok
 12697 | Lair:2   | Killed Gastronok
 12697 | Lair:2   | Reached XP level 13. HP: 69/116 MP: 4/12
 12814 | Lair:2   | Noticed Erica
 12823 | Lair:2   | Killed Erica
 13618 | Lair:3   | Reached skill level 19 in Axes
 13635 | Lair:3   | Found a staircase to the Snake Pit.
 13794 | Lair:3   | Received a gift from Trog
 14373 | Lair:4   | Noticed Josephine
 14382 | Lair:4   | Killed Josephine
 14498 | Lair:4   | Found a blossoming altar of Fedhas.
 14989 | Lair:4   | Received a gift from Trog
 15192 | Lair:4   | Found a staircase to the Swamp.
 15559 | Lair:5   | Reached XP level 14. HP: 127/127 MP: 4/13
 15631 | Lair:5   | Received a gift from Trog
 15640 | Lair:5   | Reached skill level 20 in Axes
 16944 | Lair:6   | Entered Level 6 of the Lair of Beasts
 17052 | Lair:6   | Reached skill level 10 in Dodging
 17522 | Lair:6   | Received a gift from Trog
 17616 | Lair:6   | Found a large runed door.
 17617 | Lair:6   | Found a large runed door.
 17737 | Lair:6   | Got a crystal morningstar
 17738 | Lair:6   | Identified the +8 morningstar "Grim Tooth" {freeze, rElec rPois rN+ Str-3} (You found it on level 6 of the Lair of Beasts)
 17853 | Lair:6   | Found a staircase to the Slime Pits.
 17875 | Lair:6   | Slain by a nine-headed hydra

Vault maps used:
D:1:      roderic_chinese_lattice_arrival
D:3:      grunt_temple_overflow_open, uniq_robin, uniq_crazy_yiuf_cottage
D:4:      serial_shops, shop, makhleb_blood_cavern_becter, uniq_edmund
D:5:      minitemple, first_bread, serial_shops, nicolae_shop_behind_doors,
          basic_altar
D:6:      uniq_blork_the_orc
D:7:      minmay_temple_entry_crystal_x
D:8:      basic_altar, david_nohive_1
D:9:      lemuel_doored_altar, uniq_joseph
D:10:     serial_shops, nicolae_shop_waterfront, shop, corner_web_ring,
          uniq_urug
D:11:     grunt_lair_entry_orc_guard_hut, kennysheep_kite_vault, uniq_grum,
          uniq_fannar
Lair:1:   serial_bayou_shore_b
Lair:2:   st_stairs_8, uniq_gastronok, uniq_erica
Lair:3:   beast_lair_carwin_large_3, minmay_snake_entry_six_corridors,
          grunt_forest_stairs_clearing
Lair:4:   nicolae_swamp_entry_splash_gauntlet, basic_altar, serial_bayou_pond_a,
          uniq_josephine
Lair:5:   serial_bayou_shore_a
Lair:6:   cheibrodos_lair_end_hotspot, nicolae_slime_entry_slimehenge,
          serial_bayou_crossing

Skill      XL: |  1  2  3  4  5  6  7  8  9 10 11 12 13 14 |
---------------+-------------------------------------------+-----
Fighting       | 4 5 6 8 9 11 12 | 12.8
Axes           | 4 5 6 7 9 11 13 16 17 18 19 20 | 20.5
Dodging        | 3 4 5 7 9 10 | 10.2
Stealth        | 1 |  1.5
Armour         | 3 4 6 8 9 10 12 13 | 13.0
Shields        | 2 |  2.1

Action                   |  1- 3 |  4- 6 |  7- 9 | 10-12 | 13-15 || total
-------------------------+-------+-------+-------+-------+-------++-------
Melee: Hand axe          |    85 |    77 |   384 |    97 |       ||   643
       Headbutt          |    17 |    16 |    83 |    77 |   107 ||   300
       Battleaxe         |       |       |       |   299 |   416 ||   715
Invok: Berserk           |       |     5 |     5 |     8 |     6 ||    24
       Burn Spellbooks   |       |       |       |     3 |     1 ||     4
       Trog's Hand       |       |       |       |     1 |     2 ||     3
       Brothers in Arms  |       |       |       |       |     2 ||     2
  Use: Potion            |     3 |     1 |     1 |     3 |     3 ||    11
       Scroll            |       |     1 |    10 |     9 |     1 ||    21
  Eat: Chunk             |     1 |    11 |    10 |    23 |    23 ||    68
       Meat ration       |       |       |     1 |       |       ||     1
       Bread ration      |       |       |     1 |       |       ||     1
Armor: Animal skin       |    26 |    24 |       |       |       ||    50
       Skin              |     2 |       |       |       |       ||     2
       Plate armour      |       |     1 |   191 |   132 |       ||   324
       Scale mail        |       |       |       |    89 |   155 ||   244
Dodge: Dodged            |    72 |    46 |   145 |   184 |   280 ||   727
Block: Shield            |       |       |       |    27 |       ||    27
